 Dungeon Crawl Stone Soup version 0.29.0-13-gc9e81de378 (webtiles) character file.

Game seed: 1718415243331347079

44 mora the Sneak (level 3, -1/23 HPs)
             Began as an Octopode Hedge Wizard on Sept 9, 2022.
             Slain by a gnoll
             ... wielding a +0 flail
              (8 damage)
             ... on level 2 of the Dungeon.
             The game lasted 00:01:44 (1904 turns).

mora the Sneak (Octopode Hedge Wizard)              Turns: 1904, Time: 00:01:44

Health: -1/23      AC:  1    Str:  9    XL:     3   Next: 62%
Magic:  16/16      EV: 13    Int: 18    God:
Gold:   75         SH:  0    Dex: 11    Spells: 7/8 levels left

rFire   + . .      SeeInvis .   a - +0 dagger
rCold   . . .      Faith    .   (no shield)
rNeg    . . .      Spirit   .   b - +0 hat
rPois   .          Reflect  .   (no amulet)
rElec   .          Harm     .   d - ring of magical power
rCorr   .          Rampage  .   i - +4 ring of slaying
Will    .....                   l - ring of protection from fire
Stlth   +++.......              (no ring)
HPRegen 0.07/turn               (no ring)
MPRegen 0.15/turn               (no ring)
                                (no ring)
                                (no ring)

@: no status effects
A: almost no armour, amphibious, 8 rings, camouflage 1, gelatinous body 1,
(nimble swimmer 1), tentacles
a: no special abilities


You were on level 2 of the Dungeon.
You visited 1 branch of the dungeon, and saw 2 of its levels.

You collected 75 gold pieces.

Inventory:

Hand Weapons
 a - a +0 dagger (weapon)
 k - a +1 spear of venom
Armour
 b - a +0 hat (worn)
Jewellery
 d - a ring of magical power (left tentacle)
 f - a ring of ice
 i - a +4 ring of slaying (right tentacle)
 l - a ring of protection from fire (on tentacle)
Scrolls
 e - a scroll of vulnerability {unknown}
 j - a scroll of fear {unknown}
Potions
 c - a potion of magic
 g - a potion of lignification {unknown}
 h - a potion of flight {unknown}


   Skills:
 + Level 1.0 Fighting
 + Level 2.2 Dodging
 + Level 3.2 Stealth
 + Level 0.1 Shields
 + Level 3.1 Spellcasting
 + Level 1.4 Conjurations
 + Level 1.5 Summonings
 + Level 1.5 Translocations


You had 7 spell levels left.
You knew the following spells:

 Your Spells              Type           Power      Damage    Failure   Level
a - Magic Dart            Conj           28%        1d4       9%          1

Your spell library contained the following spells:

 Spells                   Type           Power      Damage    Failure   Level
 Blink                    Tloc           16%        N/A       13%         2
 Call Imp                 Summ           8%         N/A       13%         2
 Slow                     Hex            8%         N/A       16%         1
 Conjure Flame            Conj/Fire      5%         6-21      34%         3
 Mephitic Cloud           Conj/Pois/Air  4%         N/A       36%         3


Dungeon Overview and Level Annotations

Branches:
Dungeon (2/15)

Altars:


Innate Abilities, Weirdness & Mutations

You cannot wear most types of armour.
You are amphibious.
You can wear up to eight rings at the same time.
Your skin changes colour to match your surroundings (Stealth+).
Your rubbery body absorbs attacks. (AC +1, EV +1)
((You are camouflaged when in or above water. (Stealth+)))
You have tentacles for arms and can constrict up to eight enemies at once.


Message History

Aim: a rat (severely wounded, 100% to hit)
The magic dart hits the rat.
You kill the rat!
Casting: Magic Dart (safe; 9% risk of failure)
Confirm with . or Enter, or press ? or * to list all spells.
You can't see any susceptible monsters within range! (Use Z to cast anyway.)
Casting: Magic Dart (safe; 9% risk of failure)
Confirm with . or Enter, or press ? or * to list all spells.
You can't see any susceptible monsters within range! (Use Z to cast anyway.)
You see here a rat corpse. 2 gnolls come into view.
Found a scroll labelled YSMONE ROGEFE.
There are monsters nearby!
The gnoll shouts!
A gnoll comes into view. It is wielding a +0 halberd.
Found a club.
Casting: Magic Dart (safe; 9% risk of failure)
Confirm with . or Enter, or press ? or * to list all spells.
Okay, then.
Unknown command.
Okay, then.
Unknown command.
A hobgoblin comes into view.
A goblin comes into view. It is wielding a +0 dagger.
The goblin shouts!
The gnoll barely misses you.
The goblin moves out of view.
The gnoll attacks as you move away! The gnoll barely misses you.
The gnoll attacks as you move away! The gnoll closely misses you.
The gnoll shouts!
The gnoll attacks as you move away! The gnoll hits you with a +0 flail.
You see here a +0 club.
Found an escape hatch in the floor.
You see here a scroll labelled YSMONE ROGEFE.
The gnoll attacks as you move away! The gnoll closely misses you.
The gnoll attacks as you move away! The gnoll hits you with a +0 flail!
Ouch! That really hurt!
* * * LOW HITPOINT WARNING * * *
The gnoll attacks as you move away! The gnoll barely misses you.
The gnoll attacks as you move away! The gnoll hits you with a +0 flail!
You die...

..........#.# ##..#..#†#
#.........# .........
#.###)..###### #...#...
#....g..?g.g.# ####...#.###
#.#.....#.##.# #...........
#.#.#...#.##g# #.....†.#
#.#.#.###.##.# #....<..#
#.#.#.###.##.####.......#
###............g@.........#
........###.##.####......)#
####...## #.##.# #.......#
.....#.....g...#
##.##.#.###
.###...#########
#....#...#### .# #####
#..#####....## .#
#....#...#...# .#
#.##.#.###...# .#
#.##...#......


You could see a gnoll.

Vanquished Creatures
  A gnoll (D:1)
  An adder (D:2)
  3 endoplasms
  A giant cockroach (D:1)
  2 hobgoblins
  3 jackals (D:1)
  A quokka (D:1)
  3 ball pythons (D:1)
  6 frilled lizards (D:1)
  3 kobolds
  3 rats
27 creatures vanquished.

Notes
Turn   | Place    | Note
-------+----------+-------------------------------------------
     0 | D:1      | mora the Octopode Hedge Wizard began the quest for the Orb.
     0 | D:1      | Reached XP level 1. HP: 11/11 MP: 4/4
   353 | D:1      | Found a faded altar of an unknown god.
   411 | D:1      | Reached XP level 2. HP: 16/18 MP: 5/6
  1235 | D:1      | Reached XP level 3. HP: 22/22 MP: 7/7
  1552 | D:2      | Reached skill level 1 in Fighting
  1904 | D:2      | Slain by a gnoll

Illustrated notes

Levels and vault maps discovered:
D:1:      minmay_arrival_glassed_features, layout_basic,
          ebering_ecumenical_altar_petrified,
          nicolae_concentric_dashed_squares_wild, feat_on_display
D:2:      layout_loops_ring

Skill      XL: |  1  2  3 |
---------------+----------+-----
Stealth        | 3 |  3.2
Fighting       | 1 |  1.0
Dodging        | |  2.2
Shields        | |  0.1
Spellcasting   | |  3.1
Conjurations   | |  1.4
Summonings     | |  1.5
Translocations | |  1.5

Action                   || total
-------------------------++-------
Melee: Dagger            ||     3
       Constrict         ||     1
       Tentacles         ||     1
 Cast: Magic Dart        ||    80
Armor: Skin              ||     3
Dodge: Dodged            ||    30
